AoeStats
← perromelocoton

Black Forest

506398973Analyzed
1v1 RM · 17d ago on Sep 13, 2026· 32m 40s· 2 players
Game mode
Random Map
Map size
Tiny (2 player)
Population
200
Speed
Normal
Resources
Standard
Victory
Conquest
Starting age
Dark Age
Ending age
Imperial Age
RankedLock teamsTeams togetherTeam positionsShared explorationLock speedFull tech treeHidden civsTurbo modeCheats
Victory
Defeat
🇹🇼 Goths · Taiwan
903
+15
🇪🇸 Aztecs · Spain
877
-15
perromelocoton
1:28 Loom
12:55 Feudal Age
16:09 Double-Bit Axe
16:57 Fishing Lines
22:34 Castle Age
21:27 Man-at-Arms
22:42 Gold Mining
23:03 Scale Mail Armor
24:05 Arson
25:07 Gambesons
26:09 Gillnets
26:29 Atonement
26:53 Sanctity
27:48 Fervor
27:41 Devotion
27:49 Horse Collar
28:36 Bow Saw
28:20 Long Swordsman
30:04 Forging
30:30 Heavy Plow
30:56 Squires
32:12 Chain Mail Armor
32:56 Iron Casting
chyichyi
1:25 Loom
11:24 Feudal Age
13:27 Double-Bit Axe
21:19 Castle Age
19:09 Fishing Lines
22:11 Gillnets
22:37 Bow Saw
23:26 Wheelbarrow
26:21 Hand Cart
26:14 Gold Mining
26:37 Town Watch
30:05 Imperial Age
28:18 Stone Mining
29:07 Ballistics
28:56 Fletching
30:08 Stone Shaft Mining
29:45 Masonry
29:25 Town Watch
29:55 Bodkin Arrow
30:36 Squires
31:11 Bracer
31:11 Horse Collar
32:12 Scale Mail Armor
32:23 Forging
33:15 Chemistry
Connection lost

Rejoining the realm…

Still unreachable

The connection could not be restored.

Session expired

The server has moved on; the page needs a fresh start.